 Dungeon Crawl Stone Soup version 0.24.0-13-gcf9b3192b9 (webtiles) character file.

Game seed: 12542818435851666836, levelgen mode: deterministic

148 ilikeclowns the Shield-Bearer (level 5, -5/41 HPs)
             Began as a Human Fighter on Nov 8, 2019.
             Slain by Sigmund
             ... wielding a +0 scythe of freezing
              (11 damage)
             ... on level 3 of the Dungeon.
             The game lasted 00:25:35 (2183 turns).

ilikeclowns the Shield-Bearer (Human Fighter)       Turns: 2183, Time: 00:25:36

Health: -5/41      AC:  7    Str: 20 (23) XL:     5   Next: 56%
Magic:  5/5        EV:  7    Int: 11 (13) God:
Gold:   101        SH:  0    Dex: 10 (12) Spells: 4/4 levels left

rFire    . . .     SeeInvis .   a - +0 long sword
rCold    . . .     Gourm    .   c - +0 shield
rNeg     . . .     Faith    .   b - +0 scale mail
rPois    .         Spirit   .   (no helmet)
rElec    .         Reflect  +   (no cloak)
rCorr    +         Harm     .   (no gloves)
MR       .....                  (no boots)
Stlth    ..........             p - +5 amulet of reflection
HPRegen  0.13/turn              m - ring of resist corrosion
MPRegen  0.09/turn              v - ring of attention (curse)

@: confused, mighty, brilliant, flying, hasted, very quick
A: no striking features
a: no special abilities


You were on level 3 of the Dungeon.
You were not hungry.

You visited 1 branch of the dungeon, and saw 3 of its levels.

You collected 101 gold pieces.

Inventory:

Hand Weapons
 a - a +0 long sword (weapon)
Armour
 b - a +0 scale mail (worn)
 c - a +0 shield (worn)
Jewellery
 m - a ring of resist corrosion (left hand)
 p - a +5 amulet of reflection (around neck)
 v - a cursed ring of attention (right hand)
Scrolls
 e - 2 scrolls of remove curse {unknown}
 g - 8 scrolls of identify {unknown}
 i - a scroll of fog {unknown}
 k - 2 scrolls of enchant armour {unknown}
 n - a scroll of random uselessness {unknown}
 o - 2 scrolls of enchant weapon {unknown}
 q - 2 scrolls of teleportation {unknown}
 s - 3 scrolls of blinking {unknown}
Potions
 j - a potion of haste
 r - a potion of curing
 u - a potion of flight
Comestibles
 f - 3 rations


   Skills:
 + Level 3.6 Fighting
 + Level 3.3 Long Blades
 + Level 3.7 Armour
 + Level 0.7 Dodging
 + Level 3.8 Shields


You had 4 spell levels left.
You didn't know any spells.
Your spell library was empty.

Dungeon Overview and Level Annotations

Branches:
Dungeon (3/15)

Altars:
Hepliaklqana

Annotations:
D:3 Sigmund


Message History

You block something's attack.
It was a potion of brilliance.
You feel clever all of a sudden.
It was a potion of curing.
You feel better.
You hear some strange, mumbled words.
You are confused.
It was a potion of degeneration.
There was something very wrong with that liquid.
You feel weakened.
You feel dopey.
You feel clumsy.
It was a potion of flight.
You feel very buoyant.
You fly up into the air.
Something hits you!
* * * LOW HITPOINT WARNING * * *
Something freezes you.
* * * LOW HITPOINT WARNING * * *
You're too confused!
The leopard gecko bites you but does no damage.
The leopard gecko bites you but does no damage.
Something hits you!
You die...

## # .. ≈≈ #. .# #. .#
##.. ..###### ## ...#+##
_...... .. .... .>.....
#. .##. #.###....... #
#. .#.####.@{.#.#
##..........##..l#.#.#
....#... #..##...#.#.#
#......# #..##...#...#
.......# #......###.#
#......####..#...# #$#
..#.....#....##†## w..
#(#.###.##.#....# .....
.........#.#.#####......


You could see a leopard gecko.

Vanquished Creatures
  Terence (D:2)
  4 adders (D:2)
  An ooze (D:2)
  3 worms
  A dart slug (D:1)
  5 leopard geckos
  3 giant cockroaches (D:3)
  2 hobgoblins
  7 jackals
  A quokka (D:2)
  2 ball pythons
  11 bats
  10 frilled lizards
  9 goblins
  4 kobolds
  10 rats
74 creatures vanquished.

Notes
Turn   | Place    | Note
-------+----------+-------------------------------------------
     0 | D:1      | ilikeclowns the Human Fighter began the quest for the Orb.
     0 | D:1      | Reached XP level 1. HP: 18/18 MP: 1/1
   122 | D:1      | Reached XP level 2. HP: 23/24 MP: 2/2
   511 | D:1      | Reached XP level 3. HP: 29/29 MP: 3/3
   898 | D:2      | Noticed Terence
   954 | D:2      | Killed Terence
   954 | D:2      | Reached XP level 4. HP: 26/35 MP: 4/4
  1546 | D:2      | Reached XP level 5. HP: 32/41 MP: 5/5
  2146 | D:3      | Found a hazy altar of Hepliaklqana.
  2152 | D:3      | Noticed Sigmund
  2183 | D:3      | Slain by Sigmund

Levels and vault maps discovered:
D:1:      minmay_arrival_open_corners, layout_rooms, minmay_lizard_king
D:2:      layout_loops_ring, first_ration, minmay_joined_circles, uniq_terence
D:3:      layout_basic, gammafunk_temple_overflow_pools,
          overflow_temple_1_default, portal_sewer_entry_f, uniq_natasha,
          uniq_grinder, uniq_sigmund

Skill      XL: |  1  2  3  4 |
---------------+-------------+-----
Long Blades    | 3 |  3.3
Fighting       | |  3.6
Armour         | |  3.7
Dodging        | |  0.7
Shields        | |  3.8

Action                   |  1- 3 |  4- 6 || total
-------------------------+-------+-------++-------
Melee: Long sword        |    99 |   133 ||   232
  Use: Potion            |       |     7 ||     7
  Eat: Ration            |       |     2 ||     2
Armor: Scale mail        |    24 |    50 ||    74
Dodge: Dodged            |    16 |    39 ||    55
Block: Shield            |    48 |   116 ||   164
       Reflection        |       |     2 ||     2
       Rpst.: Long sword |     6 |    14 ||    20
